 Dungeon Crawl Stone Soup version 0.29.1-2-gbd0b4ee654 (webtiles) character file.

Game seed: 2724207876127871809

3 zeram the Caller (level 1, 0/10 HPs)
             Began as a Deep Elf Summoner on Nov 4, 2022.
             Slain by a kobold
             ... wielding a +0 whip
              (5 damage)
             ... on level 1 of the Dungeon.
             The game lasted 00:01:02 (115 turns).

zeram the Caller (Deep Elf Summoner)                 Turns: 115, Time: 00:01:02

Health: 0/10       AC:  2    Str:  5    XL:     1   Next: 41%
Magic:  5/6        EV: 12    Int: 19    God:
Gold:   5          SH:  0    Dex: 15    Spells: 5/6 levels left

rFire   . . .      SeeInvis .   c - +0 short sword
rCold   . . .      Faith    .   (no shield)
rNeg    . . .      Spirit   .   a - +0 robe
rPois   .          Reflect  .   (no helmet)
rElec   .          Harm     .   (no cloak)
rCorr   .          Rampage  .   (no gloves)
Will    .....                   (no boots)
Stlth   ++........              (no amulet)
HPRegen 0.03/turn               (no ring)
MPRegen 0.10/turn               (no ring)

@: no status effects
A: no striking features
a: no special abilities


You were on level 1 of the Dungeon.
You visited 1 branch of the dungeon, and saw 1 of its levels.

You collected 5 gold pieces.

Inventory:

Hand Weapons
 c - a +0 short sword (weapon)
Armour
 a - a +0 robe (worn)
Potions
 b - a potion of magic
 d - 2 potions of curing {unknown}
 e - 2 potions of lignification {unknown}


   Skills:
 + Level 2.4 Dodging
 - Level 2.4 Stealth
 + Level 3.0 Spellcasting
 + Level 4.5 Summonings


You had 5 spell levels left.
You knew the following spells:

 Your Spells              Type           Power      Damage    Failure   Level
a - Summon Small Mammal   Summ           80%        N/A       2%          1

Your spell library contained the following spells:

 Spells                   Type           Power      Damage    Failure   Level
 Call Imp                 Summ           20%        N/A       3%          2
 Call Canine Familiar     Summ           20%        N/A       7%          3
 Summon Guardian Golem    Hex/Summ       11%        N/A       19%         3
 Summon Lightning Spire   Summ/Air       11%        N/A       52%         4


Dungeon Overview and Level Annotations

Branches:
Dungeon (1/15)

Altars:

Annotations:
D:1 2 transporters


Message History

Unknown command.
Casting: Summon Small Mammal (safe; 2% risk of failure)
Confirm with . or Enter, or press ? or * to list all spells.
The kobold closely misses you.
Your rat closely misses the kobold.
Unknown command.
Your rat barely misses the kobold.
The kobold attacks as you move away! The kobold barely misses you.
Your quokka misses the kobold.
The kobold throws a stone.
The stone barely misses you.
Your quokka bites the kobold but does no damage.
Your rat closely misses the kobold.
You hit the kobold but do no damage.
The kobold is severely wounded.
Your quokka bites the kobold.
The kobold dies!
Things that are here:
a +0 club; 4 stones You enter the shallow water.
Moving in this stuff is going to be slow.
The kobold shouts!
You hear an angry hiss.
A ball python comes into view.
A bat comes into view.
The bat moves out of view.
You barely miss the ball python.
The ball python bites you but does no damage.
The ball python grabs you. The ball python constricts you.
You hit the ball python.
You kill the ball python!
The bat hits your quokka.
Unknown command.
Casting: Summon Small Mammal (safe; 2% risk of failure)
Confirm with . or Enter, or press ? or * to list all spells.
Your quokka disappears in a puff of smoke!
The bat hits your rat but does no damage.
The bat closely misses your rat.
Your rat misses the bat.
Unknown command.
You closely miss the kobold. The bat closely misses your rat.
The kobold hits you with a +0 whip.
Ouch! That really hurt!
You die...

..≈≈ #.# #.≈# #.# #.≈# .
# #.# #.≈###≈. #.##.#
#.≈≈≈≈≈.
....########....$..
#####..........≈≈≈≈≈.
.#.#.).+......)...≈###≈.
.~.....@.~........≈# .
.~~.~.Kb≈~........≈#
~~~~~~r≈~~......#.≈≈≈≈≈
≈~≈~~≈b~.~......#...?...
≈~≈≈~≈≈~~.......#.≈≈≈≈≈.
≈~..~≈~~......(.+.≈###≈.
≈~._.~≈~.~......#.≈# ≈.
≈~~~.~~~~.........≈##
≈≈~~≈≈~~........≈≈≈≈


You could see a bat (ally target), a kobold (ally target), a friendly bat
(summoned) and a friendly rat (summoned).

Vanquished Creatures
  A ball python (D:1)
1 creature vanquished.

Vanquished Creatures (collateral kills)
  A giant cockroach (D:1)
  2 kobolds (D:1)
3 creatures vanquished.

Grand Total: 4 creatures vanquished

Notes
Turn   | Place    | Note
-------+----------+-------------------------------------------
     0 | D:1      | zeram the Deep Elf Summoner began the quest for the Orb.
     0 | D:1      | Reached XP level 1. HP: 10/10 MP: 6/6
    25 | D:1      | Found a faded altar of an unknown god.
   115 | D:1      | Slain by a kobold

Illustrated notes

Levels and vault maps discovered:
D:1:      spicycebolla_arrival_transporter_tutorial, layout_basic,
          chequers_ecumenical_altar_island, kennysheep_boxes

Action                   || total
-------------------------++-------
Melee: Short sword       ||     9
       Unarmed           ||     6
 Cast: Summon Small Mamm ||     5
Armor: Robe              ||     4
Dodge: Dodged            ||    18
